 Dungeon Crawl Stone Soup version 0.30-a0-1114-gd936c97349 (webtiles) character file.

Game seed: 6957137710895083556

4113 themarg the Arsonist (level 10, -10/68 (74) HPs)
             Began as a Demonspawn Cinder Acolyte on Apr 20, 2023.
             Was a Believer of Ignis.
             Mangled by a wight
             ... wielding a +5 great sword of freezing
              (13 damage)
             ... on level 8 of the Dungeon.
             The game lasted 00:23:30 (8088 turns).

themarg the Arsonist (Demonspawn Cinder Acolyte)    Turns: 8088, Time: 00:23:30

HP:   -10/68 (74)   AC: 13    Str: 15    XL:     10   Next: 6%
MP:   6/19          EV: 12    Int: 22    God:    Ignis [**....]
Gold: 240           SH:  9    Dex:  8    Spells: 20/22 levels left

rFire   + . .      SeeInvis .    h - +1 dagger (drain)
rCold   . . .      Faith    .    C - +0 buckler
rNeg    . . .      Spirit   .    b - +0 robe
rPois   .          Reflect  +    (no helmet)
rElec   .          Rampage  .    I - +0 cloak
rCorr   +                        J - +2 pair of gloves
Will    .....                    (no boots)
Stlth   ++                       H - amulet of reflection
HPRegen 0.31/turn                j - ring of resist corrosion
MPRegen 0.32/turn                c - ring of wizardry

@: fiery-armoured, slowed, drained, very slow
A: hooves 2, powered by death 1, magic regeneration, big brain 1
a: Renounce Religion, Fiery Armour, Foxfire Swarm, Rising Flame


You were on level 8 of the Dungeon.
You worshipped Ignis.
Ignis was pleased with you.
You visited 2 branches of the dungeon, and saw 9 of its levels.

You collected 370 gold pieces.
You spent 130 gold pieces at shops.

Inventory:

Hand Weapons
 a - a -1 mace of flaming
 h - a +1 dagger of draining (weapon)
Missiles
 n - a curare-tipped dart
 r - 58 stones (quivered)
 t - 12 poisoned darts
 L - 5 boomerangs
Armour
 b - a +0 robe (worn)
 l - a scarf of invisibility
 C - a +0 buckler (worn)
 I - a +0 cloak (worn)
 J - a +2 pair of gloves (worn)
Jewellery
 c - a ring of wizardry (right hand)
 j - a ring of resist corrosion (left hand)
 v - a +6 ring of intelligence
 G - a ring of positive energy
 H - an amulet of reflection (around neck)
 M - a ring of willpower
Wands
 w - a wand of flame (13)
 N - a wand of charming (8)
Scrolls
 e - a scroll of magic mapping {unknown}
 f - a scroll of fog {unknown}
 p - a scroll of enchant weapon {unknown}
 s - a scroll of fear {unknown}
 u - 3 scrolls of vulnerability
 x - 3 scrolls of blinking
 y - 3 scrolls of poison
 D - 2 scrolls of teleportation {unknown}
 E - a scroll of amnesia {unknown}
 K - a scroll of immolation {unknown}
 O - a scroll of identify
Potions
 d - 2 potions of invisibility {unknown}
 g - 5 potions of flight
 i - 2 potions of brilliance
 k - a potion of ambrosia
 o - 4 potions of heal wounds
 q - 3 potions of attraction
 z - a potion of lignification
 A - a potion of might
 B - a potion of berserk rage {unknown}
 F - 5 potions of mutation {unknown}


   Skills:
 - Level 5.0 Fighting
 - Level 2.6 Maces & Flails
 - Level 1.0 Throwing
 - Level 5.0 Dodging
 - Level 3.0 Stealth
 - Level 5.0 Shields
 + Level 6.6 Spellcasting
 - Level 8.0 Fire Magic
 - Level 1.0 Evocations


You had 20 spell levels left.
You knew the following spells:

 Your Spells              Type           Power      Damage    Failure   Level
a - Scorch                Fire           84%        2d8       1%          2

Your spell library contained the following spells:

 Spells                   Type           Power      Damage    Failure   Level
 Inner Flame              Hex/Fire       24%        N/A       2%          3
 Summon Small Mammal      Summ           28%        N/A       4%          1
 Call Canine Familiar     Summ           7%         N/A       13%         3
 Summon Guardian Golem    Hex/Summ       7%         N/A       13%         3
 Yara's Violent Unravell  Hex/Tmut       3%         3d4       73%         5
 Enfeeble                 Hex            3%         N/A       100%        7


Dungeon Overview and Level Annotations

Branches:
Dungeon (8/15)             Temple (1/1) D:4
   Lair: D:8-11

Altars:
Ashenzari
Cheibriados
Dithmenos
Fedhas
Gozag
Hepliaklqana
Kikubaaqudgha
Makhleb
Nemelex Xobeh
Okawaru
Qazlal
Ru
Sif Muna
Trog
Vehumet
Wu Jian
Xom
Yredelemnul

Shops:
D:4 !   D:6 *

Annotations:
D:7 3 runed translucent doors, soul19's ghost, novice GrMo


Innate Abilities, Weirdness & Mutations

You have hoof-like feet.
You regenerate a little health from kills.
You regenerate magic rapidly.
You have an unusually large brain. (Int +2)


Message History

You feel yourself slow down.
A kobold comes into view. It is wielding a +0 whip.
You feel very sick. You block the kobold's attack.
The kobold brigand throws a curare-tipped dart.
The curare-tipped dart hits you.
You are more poisoned.
You have difficulty breathing.
You feel as though you will be slow longer.
You hit the kobold. You kick the kobold.
You kill the kobold!
You feel very sick.
The kobold brigand throws a curare-tipped dart.
The curare-tipped dart hits you.
You are more poisoned.
You have difficulty breathing.
You feel as though you will be slow longer.
The kobold brigand throws a curare-tipped dart.
You block the curare-tipped dart with an invisible shield... and reflect it back!
The curare-tipped dart barely misses the kobold brigand.
You feel very sick.
Items here: ( )) [ †.
You feel very sick.
You feel sick.
The wight hits you with a +5 great sword of freezing!
You feel drained. The wight freezes you.
You feel sick.
You feel better. You block the wight's attack. The wight barely misses you.
Flames lash the wight.
The wight is moderately damaged.
The wight's fire resistance burns away.
The wight hits you with a +5 great sword of freezing!!
* * * LOW HITPOINT WARNING * * *
You feel drained.
* * * LOW HITPOINT WARNING * * *
The wight freezes you.
* * * LOW HITPOINT WARNING * * *
A protective cloak of flame settles atop you.
The wight hits you with a +5 great sword of freezing!
You die...

#...##.# #..###.#
#..###.# #......#
##.#####
##.####.#########
.............K).#
##.#.#.#####..##z##.#
>..#. #..##@##.# #....
#.....##.# ## ....
#.§.#.##)# .. ...#
###§§§#.##K###### .##.
...#
#.§§§........8..#.....
.ZZ#
#..§§.#....8..8.....o.
.Z<#
#..8§P§#####..†)###(#
.ZZ#
#......§.....8P.8##
...#
#.####..###.......#


You could see a kobold brigand and a wight (combustible).

Vanquished Creatures
  Joseph (D:8)
  Grinder (D:4)
  2 steam dragons
  2 water moccasins (D:7)
  2 sky beasts
  3 ice beasts
  A black bear (D:5)
  An orc warrior (D:5)
  An ogre (D:6)
  A centaur (D:7)
  2 kobold brigands
  4 bullfrogs
  10 wights
  4 scorpions
  A howler monkey (D:7)
  A centaur zombie (D:8)
  3 hounds
  Crazy Yiuf (D:5)
  4 jellies
  5 orc priests
  9 orc wizards
  5 iguanas (D:5)
  3 killer bee zombies (D:8)
  5 gnolls
  13 adders
  A white imp (D:8)
  3 worms
  2 dart slugs
  30 orcs
  9 ball pythons
  5 endoplasms
  4 giant cockroaches
  4 goblins
  5 hobgoblins
  18 kobolds
  4 quokkas
  6 bats
  A frilled lizard (D:1)
  5 rats
182 creatures vanquished.

Vanquished Creatures (others)
  A kobold (D:6)
  3 withered plants (D:8)
4 creatures vanquished.

Grand Total: 186 creatures vanquished

Notes
Turn   | Place    | Note
-------+----------+-------------------------------------------
     0 | D:1      | themarg the Demonspawn Cinder Acolyte began the quest for
                  | the Orb.
     0 | D:1      | Reached XP level 1. HP: 18/18 MP: 2/2
   130 | D:1      | Reached skill level 1 in Stealth
   130 | D:1      | Reached skill level 3 in Fire Magic
   130 | D:1      | Gained mutation: You have an unusually large brain. (Int
                  | +2) [demonic ancestry]
   130 | D:1      | Reached XP level 2. HP: 19/24 MP: 4/4
   133 | D:1      | Learned a level 2 spell: Scorch
   240 | D:1      | Found a faded altar of an unknown god.
   735 | D:1      | Gained mutation: You regenerate a little health from kills.
                  | [demonic ancestry]
   735 | D:1      | Reached XP level 3. HP: 29/29 MP: 0/5
  1389 | D:2      | Reached XP level 4. HP: 35/35 MP: 2/7
  2175 | D:3      | You fall into a shaft and drop 2 floors!
  2175 | D:5      | Entered Level 5 of the Dungeon
  2276 | D:5      | Identified the +7 acid dragon scales "Vuugipez" {-Cast
                  | -Tele rElec rCorr SInv}
  2289 | D:4      | Found a staircase to the Ecumenical Temple.
  2295 | D:4      | Reached XP level 5. HP: 41/41 MP: 1/8
  2301 | Temple   | Entered the Ecumenical Temple
  2366 | D:4      | Reached skill level 4 in Fire Magic
  2368 | D:4      | Noticed an ice beast
  2389 | D:4      | Noticed Grinder
  2399 | D:4      | Killed an ice beast
  2400 | D:4      | Reached skill level 5 in Fire Magic
  2400 | D:4      | Gained mutation: You have large cloven feet. [demonic
                  | ancestry]
  2400 | D:4      | Reached XP level 6. HP: 21/47 MP: 0/9
  2495 | D:4      | Paralysed by Grinder for 5 turns
  2500 | D:4      | Killed Grinder
  2501 | D:4      | Reached skill level 6 in Fire Magic
  2768 | D:4      | Gained mutation: You regenerate magic rapidly. [demonic
                  | ancestry]
  2768 | D:4      | Reached XP level 7. HP: 54/54 MP: 3/10
  3052 | D:4      | Found Anatith's Distillery.
  3059 | D:4      | Bought a potion of attraction for 39 gold pieces
  3059 | D:4      | Bought a potion of might for 52 gold pieces
  3059 | D:4      | Bought a potion of lignification for 39 gold pieces
  3730 | D:5      | Reached skill level 5 in Fighting
  3833 | D:5      | Reached skill level 1 in Dodging
  3982 | D:5      | Found a runed translucent door.
  3983 | D:5      | Noticed Crazy Yiuf
  4405 | D:5      | Reached XP level 8. HP: 55/62 MP: 5/13
  5110 | D:6      | Reached skill level 5 in Spellcasting
  5206 | D:6      | Reached skill level 5 in Dodging
  5240 | D:6      | Reached skill level 1 in Throwing
  5240 | D:6      | Reached skill level 1 in Evocations
  5387 | D:6      | Reached skill level 1 in Shields
  5521 | D:5      | Reached XP level 9. HP: 61/68 MP: 7/16
  5641 | D:5      | Killed Crazy Yiuf
  6197 | D:6      | Found Liatef's Assorted Antiques.
  6431 | D:7      | Reached skill level 5 in Shields
  6519 | D:7      | Found a runed translucent gate.
  6522 | D:7      | Found a runed translucent gate.
  6523 | D:7      | Found a runed translucent gate.
  6563 | D:7      | Noticed soul19's ghost (novice GrMo)
  6805 | D:7      | Found a radiant altar of Vehumet.
  6876 | D:7      | Found an opulent altar of Gozag.
  6884 | D:7      | Reached skill level 7 in Fire Magic
  7489 | D:8      | Noticed Joseph
  7497 | D:8      | Killed Joseph
  7498 | D:8      | Reached skill level 8 in Fire Magic
  7972 | D:8      | Gained mutation: You have hoof-like feet. [demonic
                  | ancestry]
  7972 | D:8      | Reached XP level 10. HP: 69/74 MP: 11/19
  8087 | D:8      | HP: 3/68 [wight/+5 great sword of freezing (4)]
  8088 | D:8      | Mangled by a wight

Illustrated notes

Levels and vault maps discovered:
D:1:      mushboom_english_gardens, layout_loops_ring,
          shapermc_ecumenical_altar_totnotflames, wad_floor_pattern_untrapped
D:2:      layout_rooms, grunt_ministairs_15
D:3:      layout_basic, minivault_19
D:4:      layout_cave_pools, minmay_temple_entry_grid, serial_shops, shop,
          uniq_grinder
D:5:      layout_basic, uniq_crazy_yiuf_cottage
D:6:      layout_cave_pools, serial_shops, nicolae_shop_pleasant_corner_grove,
          kennysheep_potato
D:7:      layout_loops_ring, mainiacjoe_overflow_small_starburst,
          mainiacjoe_overflow_catch_the_wave, gammafunk_ghost_icy
D:8:      layout_loops_cross, serial_undead, serial_undead_e, serial_undead_d,
          serial_undead_d, serial_undead_a, serial_undead_c, serial_undead_b,
          serial_undead_a, ebering_ghost_disaster_area, minmay_misc_feat_plants,
          chequers_serial_rivers_small_b, hellmonk_guarded_unrand_hermit,
          uniq_joseph
Temple:   nicolae_temple_no_exploring_needed

Skill      XL: |  1  2  3  4  5  6  7  8  9 |
---------------+----------------------------+-----
Stealth        | 1 2 3 |  3.0
Fire Magic     | 3 5 6 8 |  8.0
Spellcasting   | 2 3 5 6 |  6.6
Fighting       | 4 5 |  5.0
Dodging        | 2 5 |  5.0
Throwing       | 1 |  1.0
Evocations     | 1 |  1.0
Shields        | 2 5 |  5.0
Maces & Flails | |  2.6

Action                     |  1- 3 |  4- 6 |  7- 9 | 10-12 || total
---------------------------+-------+-------+-------+-------++-------
  Melee: Mace              |    22 |       |       |       ||    22
         Dagger            |     8 |    10 |    41 |     1 ||    60
         Kick              |       |       |    13 |     1 ||    14
   Cast: Scorch            |    24 |    40 |   228 |    20 ||   312
 Invoke: Fiery Armour      |     1 |     1 |     5 |     1 ||     8
    Use: Potion            |       |       |     6 |     1 ||     7
         Scroll            |       |       |     9 |       ||     9
   Stab: Sleeping          |     2 |       |       |       ||     2
 Armour: Robe              |     7 |     5 |    35 |     1 ||    48
         Skin              |       |       |    35 |       ||    35
  Dodge: Dodged            |    23 |    20 |    79 |     3 ||   125
  Block: Buckler           |       |       |    28 |     3 ||    31
         Other             |       |       |    12 |       ||    12
         Reflection        |       |       |     3 |     1 ||     4

Table legend: (Time is in decaauts)
 A = Elapsed time spent in this place.
 B = Non-inter-level travel time spent in this place.
 C = Inter-level travel time spent in this place.
 D = Time resting spent in this place.
 E = Time spent auto-exploring this place.
 F = Levels seen in this place.
 G = Mean time per level.
                   A        B        C        D        E       F      G
               +--------+--------+--------+--------+--------+-----+--------+
         Total |   8111 |   7644 |    467 |    911 |   5205 |   9 |  901.2 |
       Dungeon |   7987 |   7520 |    467 |    791 |   5205 |   8 |  998.4 |
        Temple |    124 |    124 |      0 |    120 |      0 |   1 |  124.0 |
               +--------+--------+--------+--------+--------+-----+--------+

Top non-repeatable levels by time:
     D:5: 1726 daAuts
     D:7: 1526 daAuts
     D:6: 957 daAuts
     D:2: 935 daAuts
     D:3: 883 daAuts
     D:1: 864 daAuts
     D:4: 756 daAuts
     D:8: 337 daAuts
  Temple: 124 daAuts
